 Dungeon Crawl Stone Soup version 0.31-a0-355-g57cb03d3e8 (webtiles) character file.

Game seed: 306354897345253001

265 ragingrage the Trooper (level 5, -12/45 HPs)
             Began as a Mummy Wanderer on July 24, 2023.
             Killed by divine providence
             ... invoked by an orc priest
              (14 damage)
             ... on level 4 of the Dungeon.
             The game lasted 00:04:08 (2852 turns).

ragingrage the Trooper (Mummy Wanderer)             Turns: 2852, Time: 00:04:09

Health: -12/45     AC:  6    Str: 17    XL:     5   Next: 99%
Magic:  9/9        EV:  9    Int:  9    God:
Gold:   191        SH:  0    Dex: 14    Spells: 8/9 levels left

rFire   x . .        b - +1 flail
rCold   + . .        (no shield)
rNeg    + + +        d - +0 scale mail
rPois   ∞            (no helmet)
rElec   .            (no cloak)
rCorr   .            (no gloves)
SInv    .            (no boots)
Will    .....        (no amulet)
Stlth   +            (no ring)
HPRegen 0.27/turn    (no ring)
MPRegen 0.11/turn

%: faith
@: studying Polearms
A: cold resistance 1, negative energy resistance 3, torment resistance 2, heat
vulnerability 1, in touch with death 1, no potions, faith
a: no special abilities


You were on level 4 of the Dungeon.
You visited 1 branch of the dungeon, and saw 4 of its levels.
You also visited: Sewer.

You collected 191 gold pieces.

Inventory:

Hand Weapons
 b - a +1 flail (weapon)
Armour
 c - a +0 buckler
 d - a +0 scale mail (worn)
 j - a +0 ring mail
Wands
 a - a wand of acid (1)
Scrolls
 g - a scroll of vulnerability
 h - a scroll of revelation
 l - 2 scrolls of teleportation {unknown}
 n - a scroll of enchant armour {unknown}
 o - a scroll of torment {unknown}
 p - a scroll of summoning {unknown}


   Skills:
 + Level 5.6 Fighting
 - Level 0.9 Polearms
 - Level 1.5 Armour
 - Level 3.2 Stealth
 - Level 2.6 Spellcasting
 - Level 1.7 Summonings


You had 8 spell levels left.
You knew the following spells:

 Your Spells              Type           Power      Damage    Failure   Level
a - Summon Small Mammal   Summ           16%        N/A       45%         1

Your spell library contained the following spells:

 Spells                   Type           Power      Damage    Failure   Level
 Call Canine Familiar     Summ           4%         N/A       83%         3
 Cigotuvi's Dreadful Rot  Necr/Pois/Air  2%         N/A       85%         2
 Summon Guardian Golem    Hex/Summ       2%         N/A       92%         3
 Dispel Undead            Necr           1%         3d6       100%        4
 Death Channel            Necr           0%         N/A       100%        6
 Orb of Destruction       Conj           0%         9d5       100%        7
 Spellforged Servitor     Conj/Summ      1%         N/A       100%        7


Dungeon Overview and Level Annotations

Branches:
Dungeon (4/15)              Sewer (visited)
 Temple: D:4-7

Altars:
Gozag
Makhleb
Qazlal
Uskayaw
Xom


Innate Abilities, Weirdness & Mutations

You are immune to poison.
Your flesh is cold resistant. (rC+)
You are immune to negative energy. (rN+++)
You are immune to unholy pain and torment.
You are vulnerable to heat. (rF-)
You are in touch with the powers of death.
You do not drink.
You have a special connection with the divine. (Faith)


Message History

You closely miss the ball python.
The ball python hisses angrily.
The ball python bites you. The ball python grabs you.
The ball python constricts you.
You hit the ball python.
You kill the ball python!
An orc comes into view. It is wielding a +0 club.
There are monsters nearby!
The orc priest shouts!
The orc shouts!
You sock the orc!
You kill the orc!
The orc priest invokes the aid of Beogh against you.
Beogh smites you!
An orc priest is nearby!
You are too injured to fight recklessly!
Things that are here:
a +0 club; an orc corpse You hit the orc priest.
The orc priest barely misses you.
You hit the orc priest. The orc priest hits you with a +0 club.
You hit the orc priest. The orc priest hits you with a +0 club.
The orc priest hits you but does no damage.
You barely miss the orc priest. The orc priest hits you with a +0 club.
You hit the orc priest. The orc priest hits you with a +0 club.
The orc priest barely misses you.
You closely miss the orc priest.
The orc priest hits you but does no damage.
You closely miss the orc priest.
The orc priest calls down the wrath of Beogh upon you.
Beogh smites you!
* * * LOW HITPOINT WARNING * * *
You hit the orc priest but do no damage.
You punch the orc priest.
The orc priest hits you but does no damage.
The orc priest calls down the wrath of Beogh upon you.
Beogh smites you!
* * * LOW HITPOINT WARNING * * *
You barely miss the orc priest.
The orc priest mumbles some strange prayers to Beogh against you.
Beogh smites you!
You die...

......K###≈≈≈####.)###
###..
##.......#####..)..# #..
≈######...K........# #..
≈≈~~~~###..K..###### .o
#.. ~~~~#.######### o#
#.. ~~~#..... #####.#
#.. ......... ...#.# #..
##......# #####....# #..
##.>....#######.@o..#..#
#.)
.......((>....#.###...#
#.. #####..#####...#
##.##########..
#.......# #.#.#
#.....o.......
#...........#.#
############.#
######...####.# #.#
.....# #.# #.# [....#
#.###############.#
###..#
#..................


You could see an orc priest.

Vanquished Creatures
  Pargi (Sewer)
  3 adders (D:2)
  2 worms (D:4)
  2 dart slugs (D:1)
  5 orcs
  6 ball pythons
  5 bats
  3 endoplasms
  2 giant cockroaches (D:2)
  2 goblins
  10 hobgoblins
  2 jackals
  9 kobolds
  2 frilled lizards (D:2)
  3 rats
57 creatures vanquished.

Vanquished Creatures (collateral kills)
  A kobold brigand (D:4)
  A kobold (D:4)
2 creatures vanquished.

Grand Total: 59 creatures vanquished

Notes
Turn   | Place    | Note
-------+----------+-------------------------------------------
     0 | D:1      | ragingrage the Mummy Wanderer began the quest for the Orb.
     0 | D:1      | ragingrage set off with the following items: a +0 dagger,
                  | an atropa-tipped dart, a datura-tipped dart, a +0 scale
                  | mail, a scroll of blinking; and the following spell
                  | memorised: Summon Small Mammal; and the following spells
                  | available to memorise: Call Canine Familiar.
     0 | D:1      | Reached XP level 1. HP: 15/15 MP: 4/4
   137 | D:1      | Found a faded altar of an unknown god.
   402 | D:1      | Reached XP level 2. HP: 18/21 MP: 5/5
   880 | D:2      | Reached skill level 2 in Fighting
   880 | D:2      | Gained mutation: You are in touch with the powers of death.
                  | [Mummy growth]
   880 | D:2      | Reached XP level 3. HP: 17/27 MP: 7/7
  1537 | D:2      | Reached skill level 3 in Fighting
  1843 | D:3      | Reached XP level 4. HP: 34/35 MP: 8/8
  1962 | D:3      | Found a shimmering altar of Xom.
  1964 | D:3      | Found a stormy altar of Qazlal.
  1964 | D:3      | Found a shimmering altar of Xom.
  1970 | D:3      | Found an opulent altar of Gozag.
  1970 | D:3      | Found a hide-covered altar of Uskayaw.
  1970 | D:3      | Found a burning altar of Makhleb.
  2136 | D:3      | You fall into a shaft and drop 1 floor!
  2299 | D:4      | Noticed a kobold brigand
  2299 | D:4      | Noticed a kobold brigand
  2321 | D:4      | Killed a kobold brigand
  2322 | D:4      | Reached skill level 4 in Fighting
  2322 | D:4      | Reached XP level 5. HP: 41/43 MP: 9/9
  2383 | D:4      | Noticed a black bear
  2395 | D:4      | HP: 2/43 [black bear (2)]
  2423 | D:4      | Found a glowing drain.
  2487 | D:4      | HP: 1/43 [worm (2)]
  2498 | Sewer    | Entered a sewer
  2688 | Sewer    | Noticed Pargi
  2717 | Sewer    | Killed Pargi
  2718 | Sewer    | Reached skill level 5 in Fighting
  2851 | D:4      | HP: 1/45 [orc priest/divine providence (11)]
  2852 | D:4      | Killed from afar by an orc priest

Illustrated notes

Levels and vault maps discovered:
D:1:      shiori_arrival_maze, layout_basic,
          shapermc_ecumenical_altar_totnotflames
D:2:      layout_basic
D:3:      layout_loops_ring, doesnt_xom_only_xom,
          mainiacjoe_overflow_cross_hatched, grunt_decor_fettered
D:4:      cheibrodos_thug_alley, layout_loops_ring, cheibrodos_sewer_entry_bend,
          hangedman_abyss_or_decor_stagger, hangedman_decor_growths,
          uniq_crazy_yiuf_cottage

Skill      XL: |  1  2  3  4  5 |
---------------+----------------+-----
Fighting       | 2 3 4 5 |  5.6
Polearms       | |  0.9
Armour         | |  1.5
Stealth        | |  3.2
Spellcasting   | |  2.6
Summonings     | |  1.7

Action                     |  1- 3 |  4- 6 || total
---------------------------+-------+-------++-------
  Melee: Dagger            |   228 |   104 ||   332
         Punch             |     3 |     1 ||     4
         Flail             |       |    39 ||    39
  Throw: Dart              |       |     9 ||     9
   Cast: Summon Small Mamm |       |     1 ||     1
    Use: Scroll            |       |     6 ||     6
 Armour: Scale mail        |   111 |    73 ||   184
         Ring mail         |    18 |       ||    18
  Dodge: Dodged            |   126 |    80 ||   206

Table legend: (Time is in decaauts)
 A = Elapsed time spent in this place.
 B = Non-inter-level travel time spent in this place.
 C = Inter-level travel time spent in this place.
 D = Time resting spent in this place.
 E = Time spent auto-exploring this place.
 F = Levels seen in this place.
 G = Mean time per level.
                   A        B        C        D        E       F      G
               +--------+--------+--------+--------+--------+-----+--------+
         Total |   2887 |   2783 |    104 |    199 |   1648 |   5 |  577.4 |
       Dungeon |   2591 |   2487 |    104 |     60 |   1572 |   4 |  647.8 |
         Sewer |    295 |    295 |      0 |    139 |     76 |   1 |  295.0 |
               +--------+--------+--------+--------+--------+-----+--------+

Top non-repeatable levels by time:
     D:2: 964 daAuts
     D:1: 806 daAuts
     D:4: 456 daAuts
     D:3: 364 daAuts
   Sewer: 295 daAuts
